AoeStats
← ROSA CANINA

Arabia

510060828Analyzed
1v1 RM · 2d ago on Sep 29, 2026· 23m 33s· 2 players
Game mode
Random Map
Map size
Tiny (2 player)
Population
200
Speed
Normal
Resources
Standard
Victory
Conquest
Starting age
Dark Age
Ending age
Imperial Age
RankedLock teamsTeams togetherTeam positionsShared explorationLock speedFull tech treeHidden civsTurbo modeCheats
Victory
Defeat
🇬🇷 Varangians · Greece
1077
+14
🇫🇷 Mongols · France
1025
-14
ROSA CANINA
5:08 Loom
7:55 Feudal Age
9:12 Double-Bit Axe
17:57 Horse Collar
19:19 Fletching
19:30 Padded Archer Armor
Urist
6:26 Loom
9:18 Feudal Age
9:56 Double-Bit Axe
10:50 Horse Collar
19:10 Castle Age
18:14 Forging
18:38 Arson
20:04 Scale Mail Armor
20:42 Squires
21:37 Gambesons
Connection lost

Rejoining the realm…

Still unreachable

The connection could not be restored.

Session expired

The server has moved on; the page needs a fresh start.